 Dungeon Crawl Stone Soup version 0.26.0-18-gc5c842f807 (webtiles) character file.

Game seed: 13860673410026716796

301 kaeus the Firebug (level 6, -5/32 HPs)
             Began as a Gargoyle Fire Elementalist on Jan 23, 2021.
             Slain by a river rat (7 damage)
             ... on level 3 of the Dungeon.
             The game lasted 00:07:52 (2607 turns).

kaeus the Firebug (Gargoyle Fire Elementalist)      Turns: 2607, Time: 00:07:53

Health: -5/32      AC:  8    Str: 11    XL:     6   Next: 37%
Magic:  9/10       EV: 12    Int: 18    God:
Gold:   186        SH:  0    Dex: 10    Spells: 10/11 levels left

rFire    + . .     SeeInvis .   k - staff of fire
rCold    . . .     Faith    .   (no shield)
rNeg     + . .     Spirit   .   a - +1 robe
rPois    ∞         Reflect  .   (no helmet)
rElec    +         Harm     .   (no cloak)
rCorr    .         Rampage  .   (no gloves)
Will     .....                  h - +0 pair of boots
Stlth    +.........             (no amulet)
HPRegen  0.10/turn              (no ring)
MPRegen  0.12/turn              (no ring)

@: very slow
A: negative energy resistance 1, electricity resistance, unbreathing,
petrification resistance, miasma immunity, AC +4
a: no special abilities


You were on level 3 of the Dungeon.
You visited 1 branch of the dungeon, and saw 3 of its levels.

You collected 186 gold pieces.

Inventory:

Hand Weapons
 e - a +2 vorpal spear
 n - a +4 dagger
Armour
 a - a +1 robe (worn)
 h - a +0 pair of boots (worn)
 i - a +2 ring mail of fire resistance
Magical Staves
 k - an uncursed staff of fire (weapon)
Jewellery
 l - an uncursed ring of resist corrosion {unknown}
Scrolls
 c - 3 scrolls of identify
 m - a scroll of remove curse
Potions
 b - 3 potions of flight
 f - a potion of haste {unknown}
 g - a potion of berserk rage {unknown}
 j - 2 potions of magic


   Skills:
 - Level 1.5 Dodging
 - Level 2.1 Stealth
 + Level 3.2 Spellcasting
 * Level 4.3 Conjurations
 * Level 4.9 Fire Magic


You had 10 spell levels left.
You knew the following spells:

 Your Spells              Type           Power        Failure   Level
a - Foxfire               Conj/Fire      100%         2%          1

Your spell library contained the following spells:

 Spells                   Type           Power        Failure   Level
 Conjure Flame            Conj/Fire      29%          7%          3
 Inner Flame              Hex/Fire       17%          17%         3
 Sticky Flame             Conj/Fire      29%          24%         4
 Fireball                 Conj/Fire      14%          54%         5


Dungeon Overview and Level Annotations

Branches:
Dungeon (3/15)

Altars:


Innate Abilities, Weirdness & Mutations

You are resistant to torment.
Your stone body is resilient. (AC +4)
You are immune to poison.
You resist negative energy. (rN+)
You are resistant to electric shocks. (rElec)
You can survive without breathing.
You are immune to petrification.
You are immune to miasma.


Message History

The gnoll splashes around in the water.
You hit the river rat but do no damage. You burn the river rat.
The river rat is moderately wounded.
The river rat closely misses you. The gnoll completely misses you.
The river rat barely misses you.
Your unstable footing causes you to fumble your attack.
The gnoll hits you from afar with a +0 halberd!
* * * LOW HITPOINT WARNING * * *
The river rat misses you.
You take 9 damage, and have 3/32 hp.
MASSIVE DAMAGE!!
Your unstable footing causes you to fumble your attack.
The gnoll hits you from afar with a +0 halberd.
* * * LOW HITPOINT WARNING * * *
The river rat closely misses you.
You take 1 damage, and have 2/32 hp.
Casting: Foxfire (safe; 2% risk of failure)
Confirm with . or Enter, or press ? or * to list all spells.
You feel a surge of power!
You conjure some foxfire!
The gnoll barely misses you. The river rat bites you!
You die...

###### #....#
##########.##.#
#.##≈.gv@##.#.#
#########.#≈#####r#≈#.#
......g...#≈# l#≈#.#
..#######.#≈# ≈#.#)#
#.# #...#†# ≈#≈#.#
..#####.###≈# ≈#g#.#
##...g..# #≈# ##$#.#
#.###### #≈#######.#.#
#.# ##≈≈≈†≈≈≈##.#


You could see a gnoll, a river rat and a leopard gecko.

Vanquished Creatures
  Sigmund (D:2)
  5 adders
  2 oozes
  A worm (D:3)
  10 dart slugs
  2 leopard geckos
  2 orcs (D:3)
  6 giant cockroaches
  7 hobgoblins
  3 jackals
  2 quokkas (D:3)
  7 bats
  3 frilled lizards
  6 goblins
  3 kobolds
  3 rats
63 creatures vanquished.

Vanquished Creatures (others)
  118 foxfires
118 creatures vanquished.

Grand Total: 181 creatures vanquished

Notes
Turn   | Place    | Note
-------+----------+-------------------------------------------
     0 | D:1      | kaeus the Gargoyle Fire Elementalist began the quest for
                  | the Orb.
     0 | D:1      | Reached XP level 1. HP: 10/10 MP: 3/3
   144 | D:1      | Reached XP level 2. HP: 15/15 MP: 0/5
  1102 | D:2      | Reached XP level 3. HP: 13/19 MP: 1/6
  1431 | D:2      | Noticed Sigmund
  1447 | D:2      | Killed Sigmund
  1448 | D:2      | Reached XP level 4. HP: 8/24 MP: 2/8
  1448 | D:2      | Reached XP level 5. HP: 10/28 MP: 2/9
  1697 | D:2      | Reached XP level 6. HP: 32/32 MP: 5/10
  2607 | D:3      | Slain by a river rat

Illustrated notes

Levels and vault maps discovered:
D:1:      minmay_arrival_shattered_statue, layout_basic,
          hangedman_feature_mirror, hangedman_decor_points, supply_closet_lemuel
D:2:      layout_basic, uniq_sigmund
D:3:      kennysheep_slugbush, layout_loops_ring, gup_sewer_entry_spiral

Skill      XL: |  1  2  3  4  5 |
---------------+----------------+-----
Conjurations   | 2 3 4 |  4.3
Spellcasting   | 3 |  3.2
Fire Magic     | 4 |  4.9
Dodging        | |  1.5
Stealth        | |  2.1

Action                   |  1- 3 |  4- 6 || total
-------------------------+-------+-------++-------
Melee: Dagger            |     9 |       ||     9
       Spear             |    12 |       ||    12
       Staff             |     3 |    99 ||   102
 Cast: Foxfire           |    35 |    38 ||    73
  Use: Scroll            |     2 |     2 ||     4
       Potion            |       |     4 ||     4
 Stab: Sleeping          |       |     1 ||     1
Armor: Robe              |    18 |    51 ||    69
Dodge: Dodged            |    18 |   114 ||   132
